AoeStats
← Placebo33

Arena

510766111Analyzed
1v1 RM · 12h ago on Oct 2, 2026· 66m 3s· 2 players
Game mode
Random Map
Map size
Tiny (2 player)
Population
200
Speed
Normal
Resources
Standard
Victory
Conquest
Starting age
Dark Age
Ending age
Imperial Age
RankedLock teamsTeams togetherTeam positionsShared explorationLock speedFull tech treeHidden civsTurbo modeCheats
Victory
Defeat
🇪🇸 Japanese · Spain
647
+18
🇫🇷 Franks · France
686
-18
joanetfv98
3:18 Loom
11:32 Feudal Age
12:32 Double-Bit Axe
12:38 Gold Mining
19:26 Castle Age
17:47 Man-at-Arms
20:08 Scale Mail Armor
20:09 Padded Archer Armor
22:16 Elite Skirmisher
22:49 Fletching
24:08 Wheelbarrow
26:59 Hand Cart
27:04 Squires
28:07 Horse Collar
29:11 Pikeman
30:20 Bow Saw
31:23 Town Watch
32:12 Town Patrol
32:24 Stone Mining
33:44 Forging
35:17 Chain Mail Armor
35:47 Ballistics
36:26 Gold Shaft Mining
37:14 Leather Archer Armor
37:35 Iron Casting
36:58 Bodkin Arrow
36:52 Gambesons
41:09 Imperial Age
39:36 Yasama
40:21 Crossbowman
41:07 Thumb Ring
46:07 Arbalester
47:30 Kataparuto
47:43 Plate Mail Armor
49:45 Blast Furnace
50:31 Two-Man Saw
49:35 Heavy Plow
49:22 Halberdier
52:26 Elite Samurai
56:44 Murder Holes
57:00 Fortified Wall
57:36 Ring Archer Armor
57:24 Heavy Scorpion
59:53 Bracer
60:09 Masonry
60:57 Guard Tower
Placebo33
3:01 Loom
11:06 Feudal Age
13:15 Double-Bit Axe
14:29 Wheelbarrow
20:35 Castle Age
22:01 Hand Cart
29:49 Bow Saw
33:31 Masonry
33:06 Treadmill Crane
33:31 Murder Holes
37:18 Imperial Age
35:28 Town Watch
37:22 Scale Barding Armor
37:28 Forging
38:06 Ballistics
38:46 Conscription
37:54 Cavalier
40:11 Chemistry
39:10 Gold Mining
40:22 Onager
42:15 Gold Shaft Mining
42:29 Hoardings
42:02 Light Cavalry
42:44 Husbandry
48:33 Paladin
49:50 Chain Barding Armor
50:06 Iron Casting
55:50 Capped Ram
56:33 Pikeman
57:14 Squires
57:19 Scale Mail Armor
58:10 Halberdier
59:16 Stone Mining
Connection lost

Rejoining the realm…

Still unreachable

The connection could not be restored.

Session expired

The server has moved on; the page needs a fresh start.